 Dungeon Crawl Stone Soup version 0.18-a0-1702-gd20c6a5 (webtiles) character file.

65123 namelastname112 the Bludgeoner (level 14, -4/126 HPs)
             Began as a Red Draconian Skald on Apr 7, 2016.
             Was a High Priest of Ashenzari.
             Slain by an eight-headed hydra (10 damage)
             ... on level 5 of the Lair of Beasts.
             The game lasted 00:54:38 (29999 turns).

namelastname112 the Bludgeoner (DrSk)              Turns: 29999, Time: 00:54:39

Health: -4/126     AC: 14    Str: 13    XL:     14   Next: 74%
Magic:  5/20       EV: 19    Int: 13    God:    Ashenzari [*****.]
Gold:   1959       SH:  7    Dex: 15    Spells: 5 memorised, 10 levels left

rFire  + . .     SeeInvis +     k - +2 whip (elec) (curse)
rCold  . . .     Gourm    .     (armour unavailable)
rNeg   . . .     Faith    .     V - +0 buckler (curse)
rPois  .         Spirit   .     q - +1 hat
rElec  .         Dismiss  .     R - +1 cloak (curse)
rCorr  .         Reflect  .     t - +0 pair of gloves
SustAt .         Harm     .     u - +1 pair of boots of Ucaeciab {MR+} (curse)
MR     +++..     Clarity  +     (no amulet)
Stlth  ++........               F - -2 ring of strength (curse)
                                v - ring of protection from magic

@: very slightly contaminated, regenerating, repel missiles, extremely resistant
to hostile enchantments, unstealthy
A: breathe fire, unfitting armour, fire resistance 1, wild magic 1,
cold-blooded, AC +8
a: Breathe Fire, Curse Item, Scrying, Transfer Knowledge, Renounce Religion


You were on level 5 of the Lair of Beasts.
You worshipped Ashenzari.
Ashenzari was extremely pleased with you.
You were very hungry.

You visited 3 branches of the dungeon, and saw 22 of its levels.
You also visited: Ossuary.

You collected 2375 gold pieces.
You spent 416 gold pieces at shops.

Inventory:

Hand Weapons
 a - a +0 falchion of draining
 k - a cursed +2 whip of electrocution (weapon)
Missiles
 D - 3 throwing nets (quivered)
Armour
 q - a +1 hat (worn)
 t - a +0 pair of gloves (worn)
 u - the cursed +1 pair of boots of Ucaeciab (worn) {MR+}
   (You found it on level 2 of the Lair of Beasts)

   It affects your resistance to hostile enchantments.
   It has a curse placed upon it.
 R - a cursed +1 cloak (worn)
 V - a cursed +0 buckler (worn)
Jewellery
 v - a ring of protection from magic (left hand)
 C - an uncursed ring of positive energy
 F - a cursed -2 ring of strength (right hand)
 O - an uncursed ring of flight
Wands
 e - a wand of enslavement (19/24)
 y - a wand of random effects (19/48)
 B - a wand of acid (6/15)
 E - a wand of slowing (19/48)
 I - a wand of random effects (36/48)
 K - a wand of polymorph (7/24)
 N - a wand of random effects (37/48)
 P - a wand of lightning (7/15)
 S - a wand of confusion (31/48)
 T - a wand of acid (7/15)
 Z - a wand of digging (14/24)
Scrolls
 d - 2 scrolls of teleportation
 g - 4 scrolls of amnesia
 i - 3 scrolls of fog
 j - 5 scrolls of remove curse
 l - 5 scrolls of magic mapping
 n - a scroll of enchant armour
 G - a scroll of holy word
 W - 2 scrolls of blinking
Potions
 b - a potion of might {unknown}
 f - 3 potions of brilliance
 m - 8 potions of cure mutation
 o - 3 potions of resistance {unknown}
 r - 5 potions of agility
 w - 4 potions of curing
 x - a potion of ambrosia {unknown}
 z - 4 potions of haste {unknown}
 A - a potion of cancellation
 J - a potion of lignification
 L - 2 potions of magic {unknown}
 X - 2 potions of heal wounds
 Y - a potion of berserk rage {unknown}
Books
 Q - a book of Cantrips

   Spells                             Type                      Level
   a - Corona                         Hexes                        1
   b - Animate Skeleton               Necromancy                   1
   c - Summon Small Mammal            Summoning                    1
   d - Apportation                    Translocation                1
Miscellaneous
 h - a phial of floods
Comestibles
 c - 14 bread rations
 p - 5 meat rations
 s - a royal jelly
 H - 16 fruits
 M - 4 slices of pizza
 U - a beef jerky


   Skills:
 + Level 12.3 Fighting
 - Level 2.4 Long Blades
 + Level 15.2(18.7) Maces & Flails
 + Level 10.7 Dodging
 + Level 7.2(9.9) Shields
 + Level 4.2 Spellcasting
 - Level 10.7 Charms


You had 10 spell levels left.
You knew the following spells:

 Your Spells              Type           Power        Failure   Level  Hunger
a - Apportation           Tloc           #.........   28%         1    None
b - Repel Missiles        Chrm/Air       ###...       8%          2    ##.....
c - Blink                 Tloc           N/A          38%         2    ##.....
d - Regeneration          Chrm/Necr      ###.......   14%         3    ###....
x - Spectral Weapon       Hex/Chrm       ###.....     14%         3    ###....


Dungeon Overview and Level Annotations

Branches:
Dungeon (14/15)            Temple (0/1) D:7            Lair (6/8) D:10
  Swamp (0/4) Lair:4       Spider (0/4) Lair:5          Orc (2/2) D:10
    Elf (0/3) Orc:2        Vaults (0/5) D:13
  Slime: Lair:6-8

Altars:
Ashenzari
Dithmenos
Fedhas
Gozag
Kikubaaqudgha
Makhleb
Nemelex Xobeh
Okawaru
Ru
Trog
Vehumet
Yredelemnul
Zin
Beogh

Shops:
D:7 }   D:9 :   Orc:2 [([?=

Annotations:
D:12 Rupert
D:14 Josephine


Innate Abilities, Weirdness & Mutations

You can breathe blasts of fire.
Your fiery red scales are hard (AC +8).
Your body does not fit into most forms of armour.
Your flesh is heat resistant.
You are cold-blooded and may be slowed by cold attacks.
Your spells are a little harder to cast, but a little more powerful.


Message History

The eight-headed hydra completely misses you.
The eight-headed hydra barely misses you.
The eight-headed hydra bites you. x2; The eight-headed hydra bites you!
* * * LOW HITPOINT WARNING * * *
The eight-headed hydra bites you!
* * * LOW HITPOINT WARNING * * *
You barely miss the eight-headed hydra.
The eight-headed hydra is moderately wounded.
Your spectral weapon hits the eight-headed hydra.
You barely miss the eight-headed hydra.
The eight-headed hydra is moderately wounded.
Your spectral weapon barely misses the eight-headed hydra.
The eight-headed hydra bites you but does no damage.
The eight-headed hydra bites you.
* * * LOW HITPOINT WARNING * * *
The eight-headed hydra bites you!!
* * * LOW HITPOINT WARNING * * *
The eight-headed hydra closely misses you.
The eight-headed hydra bites you!
You die...

*,.#.#.........P#.#...#*
* ..#.#P..#...###....# ,
,............#..###+##*,
......................,
** ......................
,
,..(...................,,
.............$........ *
......D(.............. ,
.......@.............., *
............:.#..#...#*
...............###P.., ,
* ,..#.#.#......##.P#,..,
, * ...#.........#*...,
,+ *, ..............# .!
,, ,..PP..........# , ,,
* , ......#.....##* ,, **
, * ** , , ,** ** * ,


You could see an eight-headed hydra and a friendly spectral whip of
electrocution.

Vanquished Creatures
  An orc warlord (Orc:2)
  The ghost of feelmyfire the Protected, a journeyman MiFi of Trog (D:14)
  7 hydras
  Erica (Lair:2)
  3 centaur warriors
  5 death yaks
  A tengu warrior (D:9)
  2 orc high priests (Orc:2)
  2 unseen horrors
  4 hill giants
  5 orc knights
  A deep elf mage (D:14)
  A manticore (D:12)
  2 ugly things
  A wolf spider (Lair:5)
  2 orc sorcerers (Orc:2)
  5 cyclopes
  A griffon (Lair:5)
  6 elephants (Lair:3)
  3 centaur skeletons
  A torpor snail (Lair:5)
  A black mamba (Lair:5)
  2 gargoyles
  4 spiny frogs
  Psyche (D:11)
  A freezing wraith (D:9)
  5 komodo dragons
  A rime drake (Lair:2)
  8 trolls
  A giant leech (Lair:4)
  A two-headed ogre (D:10)
  9 slime creatures (D:13)
  7 blink frogs
  Sigmund (D:6)
  A vampire (D:14)
  2 wyverns
  55 yaks
  7 hippogriffs
  2 hungry ghosts
  2 vampire mosquitoes (D:13)
  A swamp worm (Lair:4)
  6 wargs
  Edmund (D:6)
  A mottled dragon (D:9)
  7 water moccasins
  12 porcupines
  2 sky beasts
  49 orc warriors
  3 black bears
  4 ice beasts
  2 necrophages
  10 ogres
  16 wolves
  7 centaurs
  7 crocodiles
  3 big kobolds
  9 giant frogs
  A gnoll sergeant (D:11)
  A wyvern skeleton (D:12)
  3 scorpions
  15 killer bees
  A troll zombie (Ossuary)
  4 wights (D:8)
  5 howler monkeys
  13 crimson imps
  4 giant frog zombies
  4 centaur zombies
  A quasit (D:11)
  2 jellies (D:9)
  4 hounds
  35 orc priests
  37 orc wizards
  A giant frog skeleton (D:8)
  Ijyb (D:2)
  9 iguanas
  5 worker ants
  8 sheep
  2 ogre zombies (Ossuary)
  A hound zombie (D:9)
  A hound skeleton (D:9)
  7 mummies (Ossuary)
  2 worker ant zombies
  Robin (D:3)
  15 adders
  12 gnolls
  32 river rats
  4 shadow imps
  An ooze (D:4)
  3 adder zombies
  A worm (D:2)
  2 dart slugs
  7 giant geckos
  126 orcs
  2 ball pythons
  7 giant cockroaches
  13 hobgoblins
  17 jackals
  2 quokkas (D:9)
  10 bats
  7 giant newts
  13 goblins
  3 goblin zombies (Ossuary)
  3 hobgoblin zombies (Ossuary)
  24 kobolds
  4 kobold zombies (Ossuary)
  2 quokka skeletons
  6 quokka zombies
  10 rats
  8 rat zombies (Ossuary)
  A spectral weapon (Lair:2)
809 creatures vanquished.

Vanquished Creatures (others)
  An orc (Orc:2)
  2 fungi (Lair:2)
  26 spectral weapons
29 creatures vanquished.

Grand Total: 838 creatures vanquished

Notes
Turn   | Place    | Note
--------------------------------------------------------------
     0 | D:1      | namelastname112 the Draconian Skald began the quest for the Orb.
     0 | D:1      | Reached XP level 1. HP: 17/17 MP: 3/3
   127 | D:1      | Reached XP level 2. HP: 21/25 MP: 5/5
   904 | D:1      | Reached XP level 3. HP: 28/30 MP: 6/6
  1363 | D:2      | Learned a level 3 spell: Spectral Weapon
  1477 | D:2      | Reached skill level 1 in Maces & Flails
  1501 | D:2      | Noticed Ijyb
  1511 | D:2      | Killed Ijyb
  1511 | D:2      | Reached XP level 4. HP: 24/38 MP: 7/7
  1526 | D:2      | Learned a level 3 spell: Regeneration
  1606 | D:2      | Found a sparkling altar of Nemelex Xobeh.
  1883 | D:3      | Reached skill level 2 in Maces & Flails
  2209 | D:3      | Reached XP level 5. HP: 41/45 MP: 8/8
  2345 | D:3      | Found a shadowy altar of Dithmenos.
  2410 | D:3      | Noticed Robin
  2437 | D:3      | Killed Robin
  2747 | D:3      | Found a burning altar of Makhleb.
  2774 | D:3      | Reached skill level 3 in Maces & Flails
  2788 | D:3      | Reached XP level 6. HP: 34/52 MP: 9/9
  3603 | D:4      | Found a sand-covered staircase.
  3607 | Ossuary  | Entered an ossuary
  3655 | Ossuary  | Reached skill level 4 in Maces & Flails
  3749 | Ossuary  | Your scales start taking on a fiery red colour.
  3749 | Ossuary  | Reached XP level 7. HP: 43/60 MP: 10/10
  3749 | Ossuary  | Gained mutation: Your flesh is heat resistant. [Red Draconian growth]
  4442 | D:4      | Found a basalt altar of Yredelemnul.
  4524 | D:4      | Found a radiant altar of Vehumet.
  4839 | D:5      | Entered Level 5 of the Dungeon
  4858 | D:5      | Reached skill level 5 in Maces & Flails
  4965 | D:5      | Reached skill level 5 in Fighting
  5660 | D:6      | Reached XP level 8. HP: 67/68 MP: 11/11
  5909 | D:6      | Reached skill level 6 in Maces & Flails
  5960 | D:6      | Reached skill level 5 in Charms
  6015 | D:6      | Found a bloodstained altar of Trog.
  6015 | D:6      | Found a shattered altar of Ashenzari.
  6227 | D:6      | Noticed Edmund
  6241 | D:6      | Killed Edmund
  6261 | D:6      | Noticed Sigmund
  6266 | D:6      | Killed Sigmund
  6480 | D:6      | Became a worshipper of Ashenzari the Shackled
  6566 | D:7      | Reached skill level 7 in Maces & Flails
  6569 | D:7      | Found Egyt's Gadget Boutique.
  6595 | D:7      | Reached XP level 9. HP: 67/72 MP: 12/12
  6636 | D:7      | Found a blossoming altar of Fedhas.
  6721 | D:7      | Reached skill level 5 in Dodging
  6774 | D:7      | Found a staircase to the Ecumenical Temple.
  6877 | D:7      | Found a sacrificial altar of Ru.
  7102 | D:7      | Found an opulent altar of Gozag.
  7314 | D:8      | Reached * piety under Ashenzari
  7381 | D:8      | Found a glowing silver altar of Zin.
  7657 | D:8      | Reached skill level 8 in Maces & Flails
  7776 | D:8      | Found an ancient bone altar of Kikubaaqudgha.
  8378 | D:9      | Found Juwiwoal's Book Shop.
  8515 | D:9      | Reached skill level 9 in Maces & Flails
  8732 | D:9      | Noticed a troll
  8751 | D:9      | Killed a troll
  8751 | D:9      | Reached XP level 10. HP: 67/82 MP: 13/13
  9424 | D:9      | Found a large runed door.
  9426 | D:9      | Noticed a tengu warrior
  9426 | D:9      | Noticed a centaur warrior
  9450 | D:10     | Entered Level 10 of the Dungeon
  9792 | D:9      | Killed a tengu warrior
 10155 | D:9      | Found a large runed door.
 10377 | D:9      | Found a glowing silver altar of Zin.
 10377 | D:9      | Noticed a griffon
 10379 | D:9      | Found an iron altar of Okawaru.
 10407 | D:9      | Killed a centaur warrior
 10407 | D:9      | Reached skill level 10 in Maces & Flails
 11029 | D:10     | Noticed a gargoyle
 11035 | D:10     | Killed a gargoyle
 11836 | D:10     | Noticed an orc knight
 11888 | D:10     | Killed an orc knight
 11888 | D:10     | Reached XP level 11. HP: 25/95 MP: 11/14
 12368 | D:10     | Killed an unseen horror
 12505 | D:10     | Found a roughly hewn altar of Beogh.
 12505 | D:10     | Found a staircase to the Orcish Mines.
 12691 | D:10     | Reached ** piety under Ashenzari
 12747 | D:10     | Reached skill level 11 in Maces & Flails
 13112 | D:10     | Found a staircase to the Lair.
 13594 | D:10     | Noticed a hill giant
 13603 | D:10     | Killed a hill giant
 13843 | D:10     | Noticed a five-headed hydra
 13852 | D:10     | Killed a five-headed hydra
 13951 | D:10     | Gained mutation: You have supernaturally acute eyesight. [potion of mutation]
 13951 | D:10     | Gained mutation: You evolve. [potion of mutation]
 13951 | D:10     | Lost mutation: You have supernaturally acute eyesight. [potion of mutation]
 14087 | D:11     | Identified the +6 rapier "Edimm" {pierce, rElec Dex+3}
 14094 | D:11     | Noticed a hill giant
 14101 | D:11     | Killed a hill giant
 14471 | D:11     | Noticed Psyche
 14477 | D:11     | Killed Psyche
 14626 | D:11     | Reached skill level 12 in Maces & Flails
 14845 | D:11     | Noticed a hill giant
 14857 | D:11     | Killed a hill giant
 14931 | D:11     | Gained mutation: Your spells are a little harder to cast, but a little more powerful. [evolution]
 14931 | D:11     | Lost mutation: You evolve. [end of evolution]
 15210 | D:11     | Reached XP level 12. HP: 97/106 MP: 12/15
 15273 | D:12     | Noticed Rupert
 15647 | D:12     | Reached *** piety under Ashenzari
 16202 | D:12     | Reached skill level 1 in Shields
 16475 | D:12     | Reached skill level 10 in Fighting
 17311 | D:13     | Noticed a centaur warrior
 17328 | D:13     | Killed a centaur warrior
 17328 | D:13     | Reached skill level 13 in Maces & Flails
 17818 | D:13     | Found a gate to the Vaults.
 19122 | D:13     | Noticed a centaur warrior
 19136 | D:13     | Killed a centaur warrior
 19385 | D:13     | HP: 4/107 [enchanted long sword (13)]
 19661 | D:14     | Noticed feelmyfire's ghost (journeyman MiFi)
 19689 | D:14     | Killed feelmyfire's ghost
 19734 | D:14     | Reached XP level 13. HP: 98/114 MP: 7/16
 19851 | D:14     | Noticed Josephine
 20230 | Lair:1   | Entered Level 1 of the Lair of Beasts
 21119 | Lair:2   | Noticed Erica
 21137 | Lair:2   | Killed Erica
 21137 | Lair:2   | Reached skill level 10 in Charms
 21344 | Lair:2   | Reached **** piety under Ashenzari
 21402 | Lair:2   | Got the uncursed pair of boots of Ucaeciab {MR+}
 21663 | Lair:2   | Identified the +1 pair of boots of Ucaeciab {MR+} (You found it on level 2 of the Lair of Beasts)
 21772 | Lair:2   | Reached skill level 14 in Maces & Flails
 22582 | Lair:3   | Reached skill level 5 in Shields
 23067 | Lair:2   | HP: 4/116 [death yak (3)]
 23072 | Lair:2   | Vulkandrache: death yaks lair 3 wtf
 23397 | Lair:2   | namelastname112: it's ok
 23397 | Lair:2   | namelastname112: happens all the time
 23478 | Orc:1    | Entered Level 1 of the Orcish Mines
 24334 | Orc:1    | Found a roughly hewn altar of Beogh.
 24559 | Orc:2    | Entered Level 2 of the Orcish Mines
 24874 | Orc:2    | Found a roughly hewn altar of Beogh.
 24954 | Orc:2    | Found Cicai's Magic Scroll Boutique.
 24963 | Orc:2    | Bought a scroll of blinking for 127 gold pieces
 25111 | Orc:2    | Found a staircase to the Elven Halls.
 25424 | Orc:2    | Found a roughly hewn altar of Beogh.
 25670 | Orc:2    | Found a roughly hewn altar of Beogh.
 25688 | Orc:2    | Found Cusa's Jewellery Shop.
 25712 | Orc:2    | Reached XP level 14. HP: 106/124 MP: 13/17
 25738 | Orc:2    | Reached skill level 10 in Dodging
 26167 | Orc:2    | Found a roughly hewn altar of Beogh.
 26167 | Orc:2    | Found Wifeuxi's Antique Armour Emporium.
 26214 | Orc:2    | Bought a glowing cloak for 85 gold pieces
 26555 | Orc:2    | Found Gorum's Antique Armour Emporium.
 26555 | Orc:2    | Noticed an orc warlord
 26555 | Orc:2    | Found a roughly hewn altar of Beogh.
 26563 | Orc:2    | Found Xuopluro's Antique Weapon Shoppe.
 27016 | Orc:2    | Killed an orc warlord
 27281 | Orc:2    | Bought a runed hat for 96 gold pieces
 27281 | Orc:2    | Bought a glowing buckler for 108 gold pieces
 28322 | Lair:4   | Found a staircase to the Swamp.
 28402 | Lair:4   | Reached skill level 15 in Maces & Flails
 28946 | Lair:4   | Learned a level 1 spell: Apportation
 28949 | Lair:4   | Learned a level 2 spell: Repel Missiles
 28952 | Lair:4   | Learned a level 2 spell: Blink
 29290 | Lair:5   | Reached ***** piety under Ashenzari
 29319 | Lair:5   | Found a hole to the Spider Nest.
 29934 | Lair:5   | namelastname112: dang
 29934 | Lair:5   | namelastname112: no id scrolls
 29965 | Lair:5   | Vulkandrache: wha
 29985 | Lair:5   | Vulkandrache: you are ash
 29987 | Lair:5   | Vulkandrache: how
 29999 | Lair:5   | HP: 6/126 [eight-headed hydra (18)]
 29999 | Lair:5   | Slain by an eight-headed hydra

Vault maps used:
D:1:      evilmike_arrival_grusome_pit
D:2:      kennysheep_big_flooded_room, nemelex_altar_shiori, first_bread,
          uniq_iyjb
D:3:      lemuel_round_altar, lemuel_crystal_altar, uniq_robin
D:4:      marbit_many_paths, kennysheep_little_box, enter_ossuary_5
D:6:      gammafunk_temple_overflow_wave, sigmund_edmund_badplayer
D:7:      fedhas_altar_2, minitemple, minmay_temple_entry_hall, serial_shops,
          shop
D:8:      zin_academy, kiku_gazebo_pond_becter
D:9:      serial_shops, shop, grunt_pizzeria, minivault_5, jmf_multi_god_temple2
D:10:     lair_0_dummy, david_orc_5
D:11:     wad_pebble_path, uniq_psyche
D:12:     uniq_rupert
D:13:     boulder_indie, erik_vaults_1
D:14:     uniq_urug, uniq_roxanne, uniq_josephine
Lair:2:   grunt_megastairs_1, infiniplex_staircase_pool, uniq_erica
Lair:4:   minmay_swamp_entry_worms, st_stairs_8
Lair:5:   spider_nest_entry_rubble
Lair:6:   uniq_nessos
Orc:1:    basic_altar
Orc:2:    grunt_orc_community_town_hall, grunt_orc_community_big_house_1,
          grunt_orc_community_big_house_1, grunt_orc_community_house_3,
          grunt_orc_community_house_1, grunt_orc_community_house_2,
          grunt_orc_community_house_3, grunt_orc_community_house_3,
          special_room, serial_shops, nicolae_shop_trees
Ossuary:  ossuary_boxes_badplayer

Skill      XL: |  1  2  3  4  5  6  7  8  9 10 11 12 13 14 |
---------------+-------------------------------------------+-----
Dodging        | 2 3 4 6 7 8 9 10 | 10.7
Charms         | 3 4 5 6 7 8 9 10 | 10.7
Maces & Flails | 1 2 3 4 5 7 9 10 12 13 14 15 | 15.2
Fighting       | 3 4 5 6 7 8 9 10 11 12 | 12.3
Shields        | 3 5 7 |  7.2
Spellcasting   | 4 |  4.2
Long Blades    | |  2.4

Action                   |  1- 3 |  4- 6 |  7- 9 | 10-12 | 13-15 || total
-------------------------+-------+-------+-------+-------+-------++-------
Melee: Falchion          |    68 |       |       |       |       ||    68
       Whip              |    65 |   265 |   440 |   936 |  1466 ||  3172
Throw: Throwing net      |       |       |       |     2 |       ||     2
 Cast: Regeneration      |       |     5 |       |    23 |    19 ||    47
       Spectral Weapon   |       |       |    10 |    41 |    51 ||   102
       Repel Missiles    |       |       |       |       |     1 ||     1
Invok: Curse Item        |       |       |     1 |     1 |     2 ||     4
       Scrying           |       |       |       |     2 |     1 ||     3
 Abil: Breathe Fire      |       |       |     5 |    21 |    10 ||    36
Evoke: Wand              |       |       |       |     1 |       ||     1
       Phial of floods   |       |       |       |     2 |       ||     2
  Use: Potion            |       |       |       |     8 |     2 ||    10
       Scroll            |       |       |       |    28 |     2 ||    30
 Stab: Sleeping          |     1 |     2 |     2 |       |     1 ||     6
       Distracted        |       |       |       |     4 |    17 ||    21
       Invisible         |       |       |       |       |     5 ||     5
  Eat: Chunk             |     2 |     8 |    18 |    25 |    43 ||    96
       Pizza             |       |       |     1 |     7 |       ||     8
       Meat ration       |       |       |       |     2 |       ||     2
       Beef jerky        |       |       |       |     3 |       ||     3
       Royal jelly       |       |       |       |     1 |     1 ||     2
